 Dungeon Sprint DCSS version 0.29-a0-364-g921d912d32 (webtiles) character file.

Game seed: 9676717427541678725

724 mhtbhm the Unseen (level 7, -2/35 (37) HPs)
             Began as a Spriggan Brigand on Apr 30, 2022.
             Was an Initiate of Dithmenos.
             Slain by a soul eater (3 damage)
             ... summoned by a kobold demonologist
             ... in the Dungeon (Sprint I: "Red Sonja").
             The game lasted 00:01:19 (388 turns).

mhtbhm the Unseen (Spriggan Brigand)                 Turns: 388, Time: 00:01:20

HP:   -2/35 (37)    AC:  3    Str:  7    XL:     7   Next: 43%
MP:   9/10          EV: 19    Int: 13    God:    Dithmenos [......]
Gold: 409           SH:  0    Dex: 18    Spells: 6/6 levels left

rFire   . . .      SeeInvis +   a - +2 dagger
rCold   . . .      Faith    .   (no shield)
rNeg    . . .      Spirit   .   b - +0 robe
rPois   .          Reflect  .   (helmet restricted)
rElec   .          Harm     .   c - +0 cloak
rCorr   .          Rampage  .   (gloves unavailable)
Will    +....      NoTele   +   (boots unavailable)
Stlth   ++++++++..              (no amulet)
HPRegen 0.11/turn               (no ring)
MPRegen 0.12/turn               (no ring)

@: drained, very quick
A: very small, no large weapons, unfitting armour, see invisible, speed 3
a: Renounce Religion


You were in the Dungeon.
You worshipped Dithmenos.
Dithmenos was noncommittal.
You visited 1 branch You collected 409 gold pieces.

Inventory:

Hand Weapons
 a - a +2 dagger (weapon)
Missiles
 d - 9 poisoned darts (quivered)
 e - 3 curare-tipped darts
Armour
 b - a +0 robe (worn)
 c - a +0 cloak (worn)
Wands
 j - a wand of digging (2)
Scrolls
 k - a scroll of blinking
Potions
 f - a potion of curing
 i - 2 potions of magic


   Skills:
 + Level 4.0 Fighting
 + Level 6.6 Short Blades
 + Level 5.0 Throwing
 + Level 4.3 Dodging
 + Level 20.0 Stealth
 * Level 3.1 Invocations


You had 6 spell levels left.
You didn't know any spells.
Your spell library was empty.

Dungeon Overview and Level Annotations

Branches:
Dungeon (1/1)

Altars:
Cheibriados
Dithmenos
Elyvilon
Fedhas
Gozag
Hepliaklqana
Kikubaaqudgha
Makhleb
Nemelex Xobeh
Okawaru
Qazlal
Ru
Sif Muna
Trog
Uskayaw
Vehumet
Wu Jian
Xom
Yredelemnul
Zin
The Shining One
Jiyva
Lugonu

Shops:
D =


Innate Abilities, Weirdness & Mutations

You are very small and have problems with some larger weapons.
You are too small for most types of armour.
You have supernaturally acute eyesight. (SInv)
You cover ground extremely quickly. (Speed+++)


Message History

The kobold demonologist is lightly wounded.
You closely miss the kobold demonologist.
The kobold demonologist is lightly wounded.
The quasit bites you. The quasit barely misses you.
The quasit closely misses you.
You hit the kobold demonologist.
The kobold demonologist is moderately wounded.
The kobold demonologist looks encouraged for a moment.
The soul eater draws from the surrounding life force!
The kobold demonologist closely misses you.
The quasit misses you. The quasit claws you. The quasit misses you.
You hit the kobold demonologist but do no damage.
The kobold demonologist is moderately wounded.
You hit the kobold demonologist but do no damage.
The kobold demonologist is moderately wounded.
The kobold demonologist hits you but does no damage.
You hit the kobold demonologist.
The kobold demonologist is moderately wounded.
You barely miss the kobold demonologist.
The kobold demonologist is moderately wounded.
You feel yourself slow down. The red devil misses you.
The kobold demonologist looks encouraged for a moment.
You hit the kobold demonologist.
The kobold demonologist is moderately wounded.
The white imp shouts, "Decamp, thou worthless beef-witted bootlicker!"
Unknown command.
Unknown command.
You feel much better.
The kobold demonologist hits you with a +0 dagger.
The red devil closely misses you. The soul eater barely misses you.
The white imp spits at you.
You hit the kobold demonologist but do no damage.
The kobold demonologist is moderately wounded.
The kobold demonologist hits you with a +0 dagger.
The red devil closely misses you. The soul eater hits you!!
Ouch! That really hurt!
* * * LOW HITPOINT WARNING * * *
You feel drained.
You die...

#####################
.'..#.)'..#__#..@K45#
.#.)'..#..'..'..#345#
###'#####'#__####K45+
##..#...#[#### ####
_####..##.#
____##'#_.+
.∩...'..._#
..__##_.#'#
____###+#(#


You could see a soul eater (summoned), 2 rust devils, 2 kobold demonologists, a
red devil (summoned), a quasit (summoned) and 2 white imps.

Vanquished Creatures
  A slime creature (D)
  Sigmund (D)
  A yak (D)
  A floating eye (D)
  An ogre (D)
  A jelly (D)
  Ijyb (D)
7 creatures vanquished.

Notes
Turn   | Place    | Note
-------+----------+-------------------------------------------
     0 | D        | mhtbhm the Spriggan Brigand began the quest for the Orb.
     0 | D        | Reached XP level 1. HP: 10/10 MP: 2/2
     4 | D        | Noticed Ijyb
    16 | D        | Killed Ijyb
    17 | D        | Reached skill level 9 in Stealth
    17 | D        | Reached XP level 2. HP: 9/15 MP: 3/3
   178 | D        | Noticed an ogre
   181 | D        | Killed an ogre
   182 | D        | Reached skill level 12 in Stealth
   182 | D        | Reached XP level 3. HP: 19/19 MP: 4/4
   182 | D        | Reached XP level 4. HP: 23/23 MP: 5/5
   193 | D        | Noticed Sigmund
   196 | D        | Killed Sigmund
   197 | D        | Reached skill level 5 in Short Blades
   197 | D        | Reached skill level 16 in Stealth
   197 | D        | Reached XP level 5. HP: 28/28 MP: 6/6
   210 | D        | Found an ornate altar of the Wu Jian Council.
   210 | D        | Found a shimmering blue altar of Sif Muna.
   212 | D        | Found a radiant altar of Vehumet.
   217 | D        | Reached XP level 6. HP: 32/32 MP: 7/7
   218 | D        | Found Sockynos's Jewellery Emporium.
   218 | D        | Found an ancient bone altar of Kikubaaqudgha.
   218 | D        | Found a hazy altar of Hepliaklqana.
   218 | D        | Found a stormy altar of Qazlal.
   218 | D        | Found a hide-covered altar of Uskayaw.
   218 | D        | Found a blossoming altar of Fedhas.
   218 | D        | Found a bloodstained altar of Trog.
   218 | D        | Found an iron altar of Okawaru.
   218 | D        | Found a basalt altar of Yredelemnul.
   218 | D        | Found a glowing golden altar of the Shining One.
   218 | D        | Found a snail-covered altar of Cheibriados.
   218 | D        | Found a sacrificial altar of Ru.
   218 | D        | Found a glowing silver altar of Zin.
   218 | D        | Found a shadowy altar of Dithmenos.
   218 | D        | Found a white marble altar of Elyvilon.
   218 | D        | Noticed a yak
   219 | D        | Found an opulent altar of Gozag.
   220 | D        | Killed a yak
   221 | D        | Reached skill level 18 in Stealth
   221 | D        | Found a sparkling altar of Nemelex Xobeh.
   267 | D        | Became a worshipper of Dithmenos the Shadowed
   309 | D        | Found a burning altar of Makhleb.
   309 | D        | Found a viscous altar of Jiyva.
   309 | D        | Found a shimmering altar of Xom.
   309 | D        | Found a corrupted altar of Lugonu.
   309 | D        | Noticed a slime creature
   312 | D        | Killed a slime creature
   313 | D        | Reached skill level 19 in Stealth
   313 | D        | Reached XP level 7. HP: 37/37 MP: 7/9
   326 | D        | Noticed a kobold demonologist
   327 | D        | Noticed a kobold demonologist
   331 | D        | Noticed an ice devil
   332 | D        | Paralysed by a floating eye for 2 turns
   366 | D        | Noticed a soul eater
   375 | D        | Noticed a rust devil
   376 | D        | Reached skill level 5 in Throwing
   376 | D        | Reached skill level 20 in Stealth
   377 | D        | Noticed a rust devil
   379 | D        | Noticed a red devil
   388 | D        | HP: 1/37 [soul eater[a kobold demonologist] (20)]
   388 | D        | Slain by a soul eater

Illustrated notes

Levels and vault maps discovered:
D:        dungeon_sprint_1 [red_sonja_temple_1, red_sonja_temple_small_1]

Skill      XL: |  1  2  3  4  5  6  7 |
---------------+----------------------+-----
Fighting       | 2 3 4 |  4.0
Short Blades   | 3 4 5 6 |  6.6
Stealth        | 9 12 16 19 20 | 20.0
Throwing       | 3 4 5 |  5.0
Dodging        | 2 3 4 |  4.3
Invocations    | 2 3 |  3.1

Action                   |  1- 3 |  4- 6 |  7- 9 || total
-------------------------+-------+-------+-------++-------
Melee: Dagger            |    11 |     4 |    55 ||    70
       Punch             |       |       |     1 ||     1
  Use: Potion            |     1 |       |     2 ||     3
 Stab: Sleeping          |     1 |     4 |       ||     5
Armor: Robe              |     1 |       |    25 ||    26
Dodge: Dodged            |     3 |       |    83 ||    86

Table legend: (Time is in decaauts)
 A = Elapsed time spent in this place.
 B = Non-inter-level travel time spent in this place.
 C = Inter-level travel time spent in this place.
 D = Time resting spent in this place.
 E = Time spent auto-exploring this place.
 F = Levels seen in this place.
 G = Mean time per level.
                   A        B        C        D        E       F      G
               +--------+--------+--------+--------+--------+-----+--------+
         Total |    315 |    315 |      0 |    167 |      0 |   1 |  315.0 |
       Dungeon |    315 |    315 |      0 |    167 |      0 |   1 |  315.0 |
               +--------+--------+--------+--------+--------+-----+--------+

Top non-repeatable levels by time:
       D: 315 daAuts
